 Dungeon Sprint DCSS version 0.30-a0-50-gb2d611f6b1 (webtiles) character file.

Game seed: 314274521727032680

7 lesbiats the Ducker (level 1, -2/23 HPs)
             Began as a Troll Fighter on Sept 4, 2022.
             Succumbed to a scorpion's poison
             ... in the Dungeon (Sprint IX: "|||||||||||||||||||||||||||||").
             The game lasted 00:00:14 (22 turns).

lesbiats the Ducker (Troll Fighter)                   Turns: 22, Time: 00:00:14

Health: -2/23      AC:  4    Str: 23    XL:     1   Next: 83%
Magic:  0/0        EV:  8    Int:  4    God:
Gold:   0          SH:  7    Dex:  9    Spells: 0/0 levels left

rFire   . . .      SeeInvis .      - Unarmed
rCold   . . .      Faith    .    b - +0 kite shield
rNeg    . . .      Spirit   .    a - +0 robe
rPois   .          Reflect  .    (helmet restricted)
rElec   .          Harm     .    (no cloak)
rCorr   .          Rampage  .    (gloves unavailable)
Will    .....      NoTele   +    (boots unavailable)
Stlth   +.........               (no amulet)
HPRegen 0.87/turn                (no ring)
MPRegen 0.07/turn                (no ring)

@: lethally poisoned (-2 -> -12)
A: large, unfitting armour, claws 3, regeneration 1, shaggy fur 1, tough skin 1
a: no special abilities


You were in the Dungeon.
You visited 1 branch

Inventory:

Armour
 a - a +0 robe (worn)
 b - a +0 kite shield (worn)
Scrolls
 i - a scroll of blinking
Potions
 c - a potion of might
 d - a potion of curing
 e - a potion of heal wounds
 f - a potion of haste
 g - 2 potions of magic
 h - a potion of berserk rage


   Skills:
 + Level 3.1 Fighting
 + Level 3.1 Dodging
 - Level 2.6 Shields
 + Level 2.4 Unarmed Combat


You couldn't memorise any spells.
You didn't know any spells.
Your spell library was empty.

Dungeon Overview and Level Annotations

Branches:
Dungeon (1/1)

Altars:


Innate Abilities, Weirdness & Mutations

You are too large for most types of armour.
You have claws for hands.
Your natural rate of healing is unusually fast.
You are covered in fur. (AC +1)
You have tough skin. (AC +1)


Message History

You claw the dart slug!
You kill the dart slug!
Your Fighting skill increases to level 3!
Your Dodging skill increases to level 3!
You claw the ball python!
You kill the ball python!
You barely miss the endoplasm. The endoplasm hits you.
You claw the endoplasm!
You kill the endoplasm!
You claw the kobold!
You kill the kobold!
Things that are here:
a +0 short sword; 4 stones; a kobold corpse As you open the door, it creaks loudly!
An iguana, a hound, 2 ufetubi and a scorpion come into view.
The ufetubus shouts!
The iguana hisses angrily.
The ufetubus shouts!
You claw the scorpion!
The scorpion is heavily wounded.
The scorpion stings you.
You are poisoned.
The scorpion poisons you! The scorpion stings you.
You are more poisoned.
The scorpion poisons you!
You scratch the scorpion but do no damage.
The scorpion is heavily wounded.
You feel very sick.
The scorpion stings you but does no damage.
You closely miss the scorpion.
The scorpion is heavily wounded.
* * * LOW HITPOINT WARNING * * *
You feel very sick. You block the scorpion's attack.
You scratch the scorpion but do no damage.
The scorpion is heavily wounded.
* * * LOW HITPOINT WARNING * * *
You feel sick. The scorpion closely misses you. The scorpion stings you.
* * * LOW HITPOINT WARNING * * *
You are more poisoned.
The scorpion poisons you!
You die... ▓▓▓▓▓▓▓▓▓▓▓▓▓▓▓▓▓▓ +.5lh5s.@..)'...<▓ ▓▓▓▓▓▓▓▓▓▓▓▓▓▓▓▓▓▓

You could see a scorpion, an iguana, a hound and 2 ufetubi.

Vanquished Creatures
  A dart slug (D)
  2 endoplasms (D)
  A ball python (D)
  A kobold (D)
5 creatures vanquished.

Notes
Turn   | Place    | Note
-------+----------+-------------------------------------------
     0 | D        | lesbiats the Troll Fighter began the quest for the Orb.
     0 | D        | Reached XP level 1. HP: 22/22 MP: 0/0
    17 | D        | Noticed an iguana
    17 | D        | Noticed a hound
    17 | D        | Noticed a scorpion
    21 | D        | HP: 1/23 [scorpion (3)]
    22 | D        | Succumbed to a scorpion's poison

Illustrated notes

Levels and vault maps discovered:
D:        linesprint [early_d, line_temple, items_1, d_10, items_2, lair_1,
          lair_end, items_3, orc_1, orc_end, items_4, d_15, swamp_1, shoals_1,
          snake_1, spider_1, d_20, vaults_1, items_5, swamp_end, shoals_end,
          snake_end, spider_end, vaults_end, d_27, items_6, zot_1, zot_end,
          crypt_end, forest_end, elf_end, slime_end, tomb_end, abyss_end,
          pan_hell_end]

Skill      XL: |  1 |
---------------+----+-----
Fighting       | 3 |  3.1
Dodging        | 3 |  3.1
Shields        | |  2.6
Unarmed Combat | |  2.4

Action                   || total
-------------------------++-------
Melee: Unarmed           ||    11
Armor: Robe              ||     2
Dodge: Dodged            ||     1
Block: Kite shield       ||     1

Table legend: (Time is in decaauts)
 A = Elapsed time spent in this place.
 B = Non-inter-level travel time spent in this place.
 C = Inter-level travel time spent in this place.
 D = Time resting spent in this place.
 E = Time spent auto-exploring this place.
 F = Levels seen in this place.
 G = Mean time per level.
                   A        B        C        D        E       F      G
               +--------+--------+--------+--------+--------+-----+--------+
         Total |     22 |     22 |      0 |      0 |      0 |   1 |   22.0 |
       Dungeon |     22 |     22 |      0 |      0 |      0 |   1 |   22.0 |
               +--------+--------+--------+--------+--------+-----+--------+

Top non-repeatable levels by time:
       D: 22 daAuts
